 Dungeon Crawl Stone Soup version 0.26.0-16-gc1dbca0489 (webtiles) character file.

Game seed: 10230227766008133394

774 trckry the Sneak (level 7, -1/46 HPs)
             Began as a Vampire Enchanter on Jan 20, 2021.
             Slain by a lemure (7 damage)
             ... led by Pikel
             ... on level 4 of the Dungeon.
             The game lasted 00:12:03 (4257 turns).

trckry the Sneak (Vampire Enchanter)                Turns: 4257, Time: 00:12:03

Health: -1/46      AC:  2    Str:  9    XL:     7   Next: 53%
Magic:  4/10       EV: 12    Int: 18    God:
Gold:   249        SH:  0    Dex: 14    Spells: 4/10 levels left

rFire    . . .     SeeInvis +   a - +1 dagger
rCold    . . .     Faith    .   (no shield)
rNeg     . . .     Spirit   .   u - +0 robe {Will+}
rPois    .         Reflect  .   (no helmet)
rElec    .         Harm     .   (no cloak)
rCorr    .         Rampage  .   (no gloves)
Will     +....                  (no boots)
Stlth    +++++.....             (no amulet)
HPRegen  0.35/turn              r - ring of stealth
MPRegen  0.12/turn              (no ring)

@: regenerating quickly
A: fangs 3, see invisible, unbreathing
a: Exsanguinate


You were on level 4 of the Dungeon.
You visited 1 branch of the dungeon, and saw 5 of its levels.

You collected 249 gold pieces.

Inventory:

Hand Weapons
 a - a +1 dagger (weapon)
Missiles
 y - 5 silver javelins
Armour
 u - a +0 robe of willpower (worn)
Jewellery
 r - a ring of stealth (left hand)
 v - an uncursed ring of positive energy {unknown}
Scrolls
 b - 2 scrolls of remove curse {unknown}
 d - 3 scrolls of magic mapping {unknown}
 e - 2 scrolls of enchant armour {unknown}
 f - 4 scrolls of enchant weapon {unknown}
 k - 3 scrolls of identify {unknown}
 l - a scroll of immolation {unknown}
 t - a scroll of fog {unknown}
 w - a scroll of teleportation {unknown}
 x - a scroll of amnesia {unknown}
Potions
 c - 2 potions of haste {unknown}
 g - a potion of invisibility {unknown}
 h - a potion of mutation {unknown}
 i - a potion of attraction {unknown}
 j - 2 potions of heal wounds {unknown}
 m - a potion of magic {unknown}
 n - 3 potions of curing {unknown}
 o - 2 potions of brilliance {unknown}
 p - a potion of lignification {unknown}
 q - a potion of degeneration {unknown}
 s - 2 potions of might {unknown}


   Skills:
 * Level 6.5 Short Blades
 - Level 2.1 Dodging
 + Level 7.9 Stealth
 - Level 2.0 Spellcasting
 + Level 7.4 Hexes


You had 4 spell levels left.
You knew the following spells:

 Your Spells              Type           Power        Failure   Level
a - Corona                Hex            31%          1%          1
b - Ensorcelled Hibernat  Hex/Ice        30%          6%          2
c - Confusing Touch       Hex            28%          2%          3

Your spell library contained the following spells:

 Spells                   Type           Power        Failure   Level
 Tukima's Dance           Hex            28%          2%          3
 Dazzling Flash           Conj/Hex       30%          12%         3


Dungeon Overview and Level Annotations

Branches:
Dungeon (5/15)
 Temple: D:4-7

Altars:
Gozag
Uskayaw

Annotations:
D:5 Pikel


Innate Abilities, Weirdness & Mutations

Your natural rate of healing is unusually fast.
You have razor-sharp teeth.
You have supernaturally acute eyesight. (SInv)
You can survive without breathing.


Message History

The lemure looks drowsy...
The helpless lemure fails to defend itself.
You perforate the lemure like a sieve!!!
You kill the lemure!
That felt strangely unrewarding.
Casting: Ensorcelled Hibernation (safe; 6% risk of failure)
Confirm with . or Enter, or press ? or * to list all spells.
Aiming: Ensorcelled Hibernation (safe; 6% risk of failure)
Press: ? - help, Shift-Dir - straight line, f - lemure
Aim: a lemure (chance to affect: 46%)
The lemure looks drowsy...
The lemure shouts!
The lemure hits you!
* * * LOW HITPOINT WARNING * * *
You barely miss the lemure. The lemure hits you!
* * * LOW HITPOINT WARNING * * *
You see here 23 bolts.
You see here a +0 hand axe.
The lemure hits you!
You die...

#......>........#
##############..#
##### #..# ....###
#..# ###.#.##
##..# #..#.##
#...#
###.###.#####..###
...## ##.........#
<.).###.†.###..#@#
#.#..#.##.#
#..#5###
##≈≈≈≈≈##.#
#..#...#
#.≈###≈##.#
#..###.#
.#≈#_#≈##.# #..#
#.# ##≈#'#≈##.#
#..# #.#
##≈≈.≈≈##.###..#
#.#
####.####.##>..#
#.# #
#......##..## #.#


You could see a lemure.

Vanquished Creatures
  Sigmund (D:3)
  A phantom (D:5)
  An ogre (D:2)
  3 lemures
  A hound (D:4)
  An orc priest (D:3)
  2 orc wizards (D:3)
  Terence (D:3)
  3 worker ants (D:4)
  4 adders
  6 gnolls (D:4)
  A white imp (D:3)
  An ufetubus (D:4)
  2 oozes
  An adder skeleton (D:4)
  2 worms
  3 dart slugs
  4 leopard geckos
  12 orcs
  4 giant cockroaches
  13 goblins
  8 hobgoblins
  7 jackals
  A ball python (D:4)
  9 bats
  8 frilled lizards
  4 kobolds
  A leopard gecko skeleton (D:4)
  6 rats
111 creatures vanquished.

Notes
Turn   | Place    | Note
-------+----------+-------------------------------------------
     0 | D:1      | trckry the Vampire Enchanter began the quest for the Orb.
     0 | D:1      | Reached XP level 1. HP: 13/13 MP: 3/3
   128 | D:1      | Reached XP level 2. HP: 13/19 MP: 5/5
   133 | D:1      | Learned a level 2 spell: Ensorcelled Hibernation
   490 | D:1      | Reached XP level 3. HP: 24/24 MP: 6/6
   574 | D:1      | Reached skill level 5 in Stealth
   768 | D:2      | Noticed an ogre
   863 | D:2      | Killed an ogre
   864 | D:2      | Reached skill level 5 in Hexes
   864 | D:2      | Reached XP level 4. HP: 30/30 MP: 4/7
  1098 | D:2      | Reached XP level 5. HP: 35/35 MP: 3/8
  1823 | D:3      | Noticed Terence
  1829 | D:3      | Killed Terence
  2056 | D:3      | Noticed Sigmund
  2080 | D:3      | Killed Sigmund
  2081 | D:3      | Reached skill level 5 in Short Blades
  2081 | D:3      | Reached XP level 6. HP: 27/41 MP: 5/9
  2563 | D:3      | Learned a level 3 spell: Confusing Touch
  3206 | D:4      | Reached XP level 7. HP: 46/46 MP: 10/10
  3521 | D:4      | Found a hide-covered altar of Uskayaw.
  3546 | D:4      | Found an opulent altar of Gozag.
  3556 | D:4      | Got a fine spear
  4161 | D:5      | Entered Level 5 of the Dungeon
  4169 | D:5      | Noticed Pikel
  4242 | D:4      | HP: 1/46 [lemure[Pikel] (9)]
  4257 | D:4      | Slain by a lemure

Illustrated notes

Levels and vault maps discovered:
D:1:      noname_arrival_rooms_in_the_neighbourhood, layout_rooms
D:2:      layout_basic, minmay_small_reverse_x
D:3:      layout_loops_ring, uniq_terence, uniq_sigmund
D:4:      layout_loops_ring, kennysheep_mini_moat, kennysheep_little_box
D:5:      layout_loops_ring, temple_statues, minmay_misc_feat_square,
          uniq_duvessa, uniq_pikel

Skill      XL: |  1  2  3  4  5  6  7 |
---------------+----------------------+-----
Short Blades   | 2 3 5 6 |  6.5
Stealth        | 5 6 7 |  7.9
Hexes          | 5 6 7 |  7.4
Dodging        | |  2.1
Spellcasting   | |  2.0

Action                   |  1- 3 |  4- 6 |  7- 9 || total
-------------------------+-------+-------+-------++-------
Melee: Dagger            |    93 |   196 |    76 ||   365
       Bite              |    11 |    16 |     5 ||    32
 Cast: Ensorcelled Hiber |     3 |    24 |    25 ||    52
 Stab: Sleeping          |    17 |    22 |    19 ||    58
Armor: Robe              |    10 |    33 |     7 ||    50
Dodge: Dodged            |    51 |    86 |    36 ||   173
